 Dungeon Crawl Stone Soup version 0.20-a0-386-g2d247ea (webtiles) character file.

243 AlphabetPasta the Vexing (level 5, 0/35 HPs)
             Began as a Demonspawn Enchanter on Dec 29, 2016.
             Slain by an iguana (8 damage)
             ... on level 4 of the Dungeon.
             The game lasted 00:21:19 (3569 turns).

AlphabetPasta the Vexing (Demonspawn Enchanter)     Turns: 3569, Time: 00:21:19

Health: 0/35       AC:  8    Str:  9    XL:     5   Next: 82%
Magic:  0/8        EV: 13    Int: 16    God:
Gold:   271        SH:  0    Dex: 14    Spells: 0/9 levels left

rFire  . . .     SeeInvis .     a - +2 dagger
rCold  . . .     Gourm    .     b - +2 robe
rNeg   . . .     Faith    .     (no shield)
rPois  .         Spirit   .     (helmet restricted)
rElec  .         Reflect  .     (no cloak)
rCorr  .         Harm     .     (no gloves)
MR     .....                    o - +1 pair of boots
Stlth  ++........               (no amulet)
                                (no ring)
                                (no ring)

@: no status effects
A: antennae 2, icy blue scales 1, spiny 1
a: no special abilities


You were on level 4 of the Dungeon.
You were not hungry.

You visited 1 branch of the dungeon, and saw 4 of its levels.

You collected 271 gold pieces.

Inventory:

Hand Weapons
 a - a +2 dagger (weapon)
 q - a +0 rapier
Armour
 b - a +2 robe (worn)
 o - a +1 pair of boots (worn)
 p - a +2 shield of protection
Jewellery
 j - a +4 ring of intelligence {unknown}
Scrolls
 k - a scroll of fog
 l - 2 scrolls of teleportation
Potions
 e - a potion of might
 g - a potion of invisibility
 m - 2 potions of curing {unknown}
 n - a potion of degeneration {unknown}
Books
 c - a book of Maledictions

   Spells                             Type                      Level
   a - Corona                         Hexes                        1
   b - Ensorcelled Hibernation        Hexes/Ice                    2
   c - Confuse                        Hexes                        3
   d - Tukima's Dance                 Hexes                        3
   e - Dazzling Spray                 Conjuration/Hexes            3
Comestibles
 d - 3 bread rations
 h - 5 meat rations
 i - a royal jelly


   Skills:
 * Level 2.7 Short Blades
 + Level 2.6 Dodging
 * Level 3.7 Stealth
 + Level 0.1 Shields
 + Level 2.6 Spellcasting
 * Level 3.9 Hexes
 - Level 1.0 Ice Magic


You couldn't memorise any spells.
You knew the following spells:

 Your Spells              Type           Power        Failure   Level  Hunger
a - Corona                Hex            ##.....      4%          1    #......
b - Ensorcelled Hibernat  Hex/Ice        ##....       12%         2    ##.....
c - Confuse               Hex            ##......     12%         3    ###....
d - Dazzling Spray        Conj/Hex       #.....       28%         3    ###....


Dungeon Overview and Level Annotations

Branches:
Dungeon (4/15)
 Temple: D:4-7

Altars:
Hepliaklqana
The Shining One


Innate Abilities, Weirdness & Mutations

You have a pair of antennae on your head.
You are partially covered in icy blue scales. (AC +2)
You are partially covered in sharp spines.


Message History

Confirm with . or Enter, or press ? or * to list all spells.
Aiming: Ensorcelled Hibernation
Press: ? - help, Shift-Dir - straight line, f/p - iguana
Aim: an iguana (chance to defeat MR: 50%)
The iguana resists with some effort.
The iguana is struck by your spines. The iguana closely misses you.
You hit the iguana.
The iguana is moderately wounded.
The iguana closely misses you.
You hit the iguana.
The iguana is moderately wounded.
The iguana bites you!
You hit the iguana but do no damage.
The iguana is moderately wounded.
The iguana bites you.
* * * LOW HITPOINT WARNING * * *
You hit the iguana but do no damage.
The iguana is moderately wounded.
The iguana is struck by your spines. The iguana bites you!
You die...

.............#.#####.......#.
..........##.#.....'.......#.
)..................#.......#.
...........................#.
.............................
.........#...................
###.....####+#...............
...........................PP
............@..............P.
..#.....###.l...##.. #####.P.
................# #.P.
................... ......PP
..#..........#.#### ##......
#.#+#........#+# #......
....#........ ........ ...
........... ........ ..
##.........Y ...##...


You could see an iguana.

Vanquished Creatures
  Natasha (twice) (D:2)
  4 gnolls (D:2)
  8 adders
  2 worms (D:2)
  2 dart slugs
  5 leopard geckos
  An orc (D:3)
  2 ball pythons
  5 bats
  A giant cockroach (D:1)
  7 hobgoblins
  4 kobolds
  6 frilled lizards
  14 goblins
  12 rats
  A fungus (D:4)
76 creatures vanquished.

Notes
Turn   | Place    | Note
-------+----------+-------------------------------------------
     0 | D:1      | AlphabetPasta the Demonspawn Enchanter began the quest for the Orb.
     0 | D:1      | Reached XP level 1. HP: 13/13 MP: 3/3
    23 | D:1      | Reached skill level 1 in Short Blades
   270 | D:1      | Gained mutation: You have a pair of small antennae on your head. [demonic ancestry]
   270 | D:1      | Reached XP level 2. HP: 19/19 MP: 1/5
   316 | D:1      | Learned a level 2 spell: Ensorcelled Hibernation
   936 | D:1      | Gained mutation: You are partially covered in icy blue scales. (AC +2) [demonic ancestry]
   936 | D:1      | Reached XP level 3. HP: 23/24 MP: 3/6
  1368 | D:2      | Learned a level 3 spell: Confuse
  1586 | D:2      | Gained mutation: You are partially covered in sharp spines. [demonic ancestry]
  1586 | D:2      | Reached XP level 4. HP: 29/30 MP: 4/7
  2298 | D:2      | Noticed Natasha
  2306 | D:2      | Killed Natasha
  2306 | D:2      | Gained mutation: You have a pair of antennae on your head. [demonic ancestry]
  2306 | D:2      | Reached XP level 5. HP: 35/35 MP: 1/8
  2379 | D:2      | Noticed Natasha
  2443 | D:2      | Killed Natasha
  2571 | D:2      | Found a glowing golden altar of the Shining One.
  2655 | D:2      | Reached skill level 1 in Ice Magic
  2713 | D:3      | Learned a level 3 spell: Confuse
  2717 | D:3      | Learned a level 3 spell: Dazzling Spray
  3025 | D:3      | Found a hazy altar of Hepliaklqana.
  3419 | D:4      | Noticed an ogre
  3555 | D:4      | Noticed a sky beast
  3569 | D:4      | Slain by an iguana

Vault maps used:
D:1:      lightli_arrival_statue_moat
D:2:      tso_altar, first_bread, uniq_natasha
D:3:      lemuel_round_altar
D:4:      minivault_19, minmay_gold_behind_fungi, uniq_edmund

Skill      XL: |  1  2  3  4  5 |
---------------+----------------+-----
Short Blades   | 1 2 |  2.7
Dodging        | 2 |  2.6
Stealth        | 3 |  3.7
Ice Magic      | 1 |  1.0
Shields        | |  0.1
Spellcasting   | |  2.6
Hexes          | |  3.9

Action                   |  1- 3 |  4- 6 || total
-------------------------+-------+-------++-------
Melee: Dagger            |   103 |    98 ||   201
 Cast: Corona            |     8 |     3 ||    11
       Ensorcelled Hiber |    21 |    16 ||    37
       Confuse           |       |     8 ||     8
  Use: Scroll            |     5 |     2 ||     7
 Stab: Sleeping          |    16 |    10 ||    26
       Distracted        |     1 |       ||     1
       Confused          |       |     1 ||     1
  Eat: Chunk             |     4 |     8 ||    12
Armor: Robe              |    23 |    19 ||    42
Dodge: Dodged            |    70 |    42 ||   112
